 Dungeon Crawl Stone Soup version 0.29-a0-330-g52719c12eb (webtiles) character file.

Game seed: 12040706527408353273

97 kae the Firebug (level 4, -9/35 HPs)
             Began as a Demigod Fire Elementalist on May 11, 2022.
             Killed from afar by Grinder (10 damage)
             ... with a puff of flame
             ... on level 3 of the Dungeon.
             The game lasted 00:01:58 (3126 turns).

kae the Firebug (Demigod Fire Elementalist)         Turns: 3126, Time: 00:01:58

Health: -9/35      AC:  2    Str:  9    XL:     4   Next: 19%
Magic:  2/10       EV: 12    Int: 21    God:
Gold:   71         SH:  0    Dex: 14    Spells: 1/7 levels left

rFire   . . .      SeeInvis .   i - +2 falchion (vorpal)
rCold   . . .      Faith    .   (no shield)
rNeg    . . .      Spirit   .   a - +0 robe
rPois   .          Reflect  .   (no helmet)
rElec   .          Harm     .   (no cloak)
rCorr   .          Rampage  .   (no gloves)
Will    .....                   (no boots)
Stlth   ++........              (no amulet)
HPRegen 0.11/turn               k - ring of wizardry
MPRegen 0.12/turn               (no ring)

@: very slightly contaminated
A: high MP 1, forlorn, divine attributes
a: no special abilities


You were on level 3 of the Dungeon.
You visited 1 branch of the dungeon, and saw 4 of its levels.

You collected 71 gold pieces.

Inventory:

Hand Weapons
 i - a +2 vorpal falchion (weapon)
Armour
 a - a +0 robe (worn)
Jewellery
 k - a ring of wizardry (left hand)
Scrolls
 h - a scroll of teleportation {unknown}
 j - a scroll of fog {unknown}
Potions
 b - a potion of magic
 c - a potion of attraction
 d - a potion of mutation
 e - a potion of haste
 f - 2 potions of heal wounds {unknown}
 g - 2 potions of flight {unknown}
 n - 2 potions of brilliance {unknown}


   Skills:
 + Level 1.4 Fighting
 + Level 2.4 Dodging
 - Level 1.7 Stealth
 + Level 2.3 Spellcasting
 + Level 1.9 Conjurations
 + Level 3.2 Fire Magic


You had one spell level left.
You knew the following spells:

 Your Spells              Type           Power      Damage    Failure   Level
a - Foxfire               Conj/Fire      52%        2x1d6     1%          1
b - Scorch                Fire           32%        2d7       2%          2
c - Conjure Flame         Conj/Fire      13%        6-21      6%          3

Your spell library contained the following spells:

 Spells                   Type           Power      Damage    Failure   Level
 Blink                    Tloc           4%         N/A       9%          2
 Inner Flame              Hex/Fire       9%         N/A       9%          3
 Lesser Beckoning         Tloc           2%         N/A       17%         3
 Flame Wave               Conj/Fire      13%        2d6       21%         4
 Manifold Assault         Tloc           2%         N/A       82%         5


Dungeon Overview and Level Annotations

Branches:
Dungeon (4/15)
 Temple: D:4-7

Annotations:
D:3 Grinder


Innate Abilities, Weirdness & Mutations

You have an increased reservoir of magic. (+10% MP)
You shall have no god before yourself.
Your divine heritage dramatically boosts your attributes as you level up.


Message History

Grinder blinks!
Casting: Foxfire (safe; 1% risk of failure)
Confirm with . or Enter, or press ? or * to list all spells.
You conjure some foxfire!
The foxfire hits Grinder.
Grinder is moderately wounded.
The foxfire hits Grinder.
Grinder is heavily wounded.
Grinder gestures at you. Pain shoots through your body!
Casting: Foxfire (safe; 1% risk of failure)
Confirm with . or Enter, or press ? or * to list all spells.
You conjure some foxfire!
Grinder hits you but does no damage.
The foxfire hits Grinder.
Grinder is heavily wounded.
The foxfire hits Grinder but does no damage.
Grinder is heavily wounded.
Grinder zaps a wand.
The puff of flame misses you.
Casting: Foxfire (safe; 1% risk of failure)
Confirm with . or Enter, or press ? or * to list all spells.
You miscast Foxfire.
You are very lightly contaminated with residual magic.
Nothing appears to happen.
Grinder hits you!
Casting: Foxfire (safe; 1% risk of failure)
Confirm with . or Enter, or press ? or * to list all spells.
You conjure some foxfire!
Grinder hits you.
You writhe in agony.
The foxfire hits Grinder but does no damage.
Grinder is heavily wounded.
The foxfire hits Grinder.
Grinder is severely wounded.
Grinder hits you.
* * * LOW HITPOINT WARNING * * *
You writhe in agony.
* * * LOW HITPOINT WARNING * * *
Casting: Foxfire (safe; 1% risk of failure)
Confirm with . or Enter, or press ? or * to list all spells.
You conjure some foxfire!
Grinder rolls her eyes.
Grinder zaps a wand.
The puff of flame hits you!
You die...

##### #####
#####...#####...#######
#......5....5..(=.....#
##......###'###..!......
#.......# #.# #.........
..###...###S###.........
.###..#.'.._..+.v5..##<.
.# #)##.#######§@.### #
## #.##.# ### #v§##
#.##.#######..#
##.##..........#
#..###.#######.....#
#.####.# ...####
#.###..# ..## #.....##
..## ###..#### ..


You could see Grinder (ally target).

Vanquished Creatures
  Natasha (D:2)
  2 adders (D:2)
  4 dart slugs
  2 endoplasms
  2 giant cockroaches (D:1)
  9 goblins
  A hobgoblin (D:2)
  2 jackals (D:1)
  A quokka (D:2)
  3 ball pythons
  2 bats
  2 frilled lizards
  8 kobolds
  6 rats
45 creatures vanquished.

Vanquished Creatures (others)
  188 foxfires
188 creatures vanquished.

Grand Total: 233 creatures vanquished

Notes
Turn   | Place    | Note
-------+----------+-------------------------------------------
     0 | D:1      | kae the Demigod Fire Elementalist began the quest for the
                  | Orb.
     0 | D:1      | Reached XP level 1. HP: 14/14 MP: 5/5
    88 | D:1      | Reached skill level 1 in Conjurations
   464 | D:1      | Reached XP level 2. HP: 22/22 MP: 5/7
  1405 | D:2      | Reached skill level 3 in Fire Magic
  1405 | D:2      | Reached XP level 3. HP: 25/27 MP: 2/8
  1459 | D:2      | Reached skill level 1 in Fighting
  1690 | D:2      | Learned a level 2 spell: Scorch
  1694 | D:2      | Learned a level 3 spell: Conjure Flame
  2486 | D:3      | Noticed Grinder
  2491 | D:3      | Noticed Natasha
  2535 | D:2      | Killed Natasha
  2536 | D:2      | Reached XP level 4. HP: 10/35 MP: 1/10
  3063 | D:3      | You fall into a shaft and drop 1 floor!
  3125 | D:3      | HP: 1/35 [Grinder (5)]
  3126 | D:3      | Killed from afar by Grinder

Illustrated notes

Levels and vault maps discovered:
D:1:      psy_arrival_heroes, layout_loops_ring,
          hellmonk_ecumenical_altar_dog_temple, minivault_5
D:2:      layout_loops_cross, chequers_serial_rivers_micro_b
D:3:      layout_rooms, lemuel_doored_altar, uniq_grinder, uniq_natasha,
          uniq_jessica
D:4:      layout_loops_ring, uniq_duvessa, uniq_edmund

Skill      XL: |  1  2  3 |
---------------+----------+-----
Conjurations   | 1 |  1.9
Dodging        | 2 |  2.4
Spellcasting   | 2 |  2.3
Fire Magic     | 3 |  3.2
Fighting       | 1 |  1.4
Stealth        | |  1.7

Action                   |  1- 3 |  4- 6 || total
-------------------------+-------+-------++-------
Melee: Falchion          |    17 |     1 ||    18
 Cast: Foxfire           |    94 |    19 ||   113
       Scorch            |     1 |       ||     1
       Conjure Flame     |       |     1 ||     1
  Use: Scroll            |     5 |       ||     5
       Potion            |     1 |       ||     1
 Stab: Sleeping          |       |     1 ||     1
Armor: Robe              |     9 |     2 ||    11
Dodge: Dodged            |    38 |     3 ||    41

Table legend: (Time is in decaauts)
 A = Elapsed time spent in this place.
 B = Non-inter-level travel time spent in this place.
 C = Inter-level travel time spent in this place.
 D = Time resting spent in this place.
 E = Time spent auto-exploring this place.
 F = Levels seen in this place.
 G = Mean time per level.
                   A        B        C        D        E       F      G
               +--------+--------+--------+--------+--------+-----+--------+
         Total |   3112 |   3044 |     68 |    295 |   2310 |   4 |  778.0 |
       Dungeon |   3112 |   3044 |     68 |    295 |   2310 |   4 |  778.0 |
               +--------+--------+--------+--------+--------+-----+--------+

Top non-repeatable levels by time:
     D:2: 1517 daAuts
     D:1: 1142 daAuts
     D:3: 448 daAuts
     D:4: 4 daAuts
